 Dungeon Crawl Stone Soup version 0.29.1-15-g9cfb28693d (webtiles) character file.

Game seed: 7992647168197521478

12714 BigDaddyOpFi the Grappler (level 11, -4/113 HPs)
             Began as a Troll Fighter on Feb 22, 2023.
             Was a Priest of Wu Jian.
             Killed from afar by a gargoyle (24 damage)
             ... with a stone arrow
             ... on level 11 of the Dungeon.
             The game lasted 00:23:46 (10757 turns).

BigDaddyOpFi the Grappler (Troll Fighter)          Turns: 10757, Time: 00:23:48

Health: -4/113     AC: 10    Str: 32      XL:     11   Next: 66%
Magic:  10/10      EV:  9    Int:  6 (8)  God:    Wu Jian [***...]
Gold:   683        SH:  0    Dex:  8 (9)  Spells: 10/10 levels left

rFire   . . .      SeeInvis +     - Unarmed
rCold   . . .      Faith    .   b - +0 kite shield
rNeg    + . .      Spirit   .   E - +2 steam dragon scales
rPois   +          Reflect  .   (helmet restricted)
rElec   .          Harm     .   v - +0 cloak
rCorr   .          Rampage  .   (gloves unavailable)
Will    .....                   (boots unavailable)
Stlth   ++........              z - amulet of Vyfuahif {RegenMP rPois rN+ Stlth+}
HPRegen 1.08/turn               o - +6 ring of strength
MPRegen 0.52/turn               H - ring of see invisible

@: confused, ambrosia-drunk
A: large, unfitting armour, claws 3, regeneration 1, shaggy fur 1, tough skin 1
a: Renounce Religion, Wall Jump, Serpent's Lash


You were on level 11 of the Dungeon.
You worshipped Wu Jian.
Wu Jian was most pleased with you.
You visited 2 branches of the dungeon, and saw 13 of its levels.
You visited the Abyss 1 time.

You collected 683 gold pieces.

Inventory:

Missiles
 f - 3 silver boomerangs
 A - 74 stones
 C - 26 poisoned darts
 D - 6 atropa-tipped darts
Armour
 a - a +0 robe
 b - a +0 kite shield (worn)
 v - a +0 cloak (worn)
 E - +2 steam dragon scales (worn)
 L - a scarf of invisibility
 M - a +2 troll leather armour {Snorg}
Jewellery
 o - a +6 ring of strength (left claw)
 z - the amulet of Vyfuahif (around neck) {RegenMP rPois rN+ Stlth+}
   (You took it off an orc wizard on level 9 of the Dungeon)

   [amulet of magic regeneration]

   It increases your rate of magic regeneration.
   rPois:     It protects you from poison.
   rN:        It protects you from negative energy.
   Stlth:     It makes you more stealthy.
 H - a ring of see invisible (right claw)
Wands
 l - a wand of acid (1) (quivered)
 q - a wand of paralysis (18)
 y - a wand of flame (11)
 N - a wand of iceblast (4)
 O - a wand of polymorph (4)
Scrolls
 d - 3 scrolls of blinking
 g - 2 scrolls of teleportation
 i - a scroll of brand weapon
 j - 3 scrolls of amnesia
 k - 2 scrolls of enchant armour
 m - 4 scrolls of fog
 n - 2 scrolls of vulnerability {unknown}
 s - a scroll of torment
 G - a scroll of poison
 I - 2 scrolls of enchant weapon
 J - a scroll of noise {unknown}
 K - a scroll of silence {unknown}
Potions
 c - a potion of might
 e - 3 potions of resistance
 h - 2 potions of lignification
 p - a potion of berserk rage {unknown}
 r - 3 potions of attraction {unknown}
 t - 2 potions of cancellation
 u - a potion of flight
 x - a potion of haste
 F - 2 potions of brilliance {unknown}
Miscellaneous
 B - a box of beasts


   Skills:
 + Level 8.3 Fighting
 + Level 2.6 Dodging
 + Level 9.1 Shields
 * Level 13.4 Unarmed Combat


You had 10 spell levels left.
You didn't know any spells.
Your spell library contained the following spells:

 Spells                   Type           Power      Damage    Failure   Level
 Apportation              Tloc           0%         N/A       67%         1
 Foxfire                  Conj/Fire      0%         2x1d4     67%         1
 Magic Dart               Conj           0%         1d3       67%         1
 Necrotise                Necr           0%         1d4       67%         1
 Sandblast                Erth           0%         2d4       67%         1
 Shock                    Conj/Air       0%         1d3       67%         1
 Summon Small Mammal      Summ           0%         N/A       67%         1
 Call Imp                 Summ           0%         N/A       82%         2
 Ensorcelled Hibernation  Hex/Ice        0%         N/A       82%         2
 Passwall                 Tmut/Erth      0%         N/A       82%         2
 Poisonous Vapours        Pois/Air       0%         N/A       82%         2
 Searing Ray              Conj           0%         2d4       82%         2
 Call Canine Familiar     Summ           0%         N/A       96%         3
 Conjure Flame            Conj/Fire      0%         6-21      96%         3
 Inner Flame              Hex/Fire       0%         N/A       96%         3
 Mephitic Cloud           Conj/Pois/Air  0%         N/A       96%         3
 Portal Projectile        Hex/Tloc       0%         N/A       96%         3
 Spider Form              Tmut/Pois      0%         N/A       96%         3
 Stone Arrow              Conj/Erth      0%         3d7       96%         3
 Summon Guardian Golem    Hex/Summ       0%         N/A       96%         3
 Swiftness                Air            0%         N/A       96%         3
 Airstrike                Air            0%         2d(0-16)  100%        4
 Anguish                  Hex/Necr       0%         N/A       100%        4
 Corpse Rot               Necr/Pois/Air  0%         N/A       100%        4
 Flame Wave               Conj/Fire      0%         2d4       100%        4
 Fulminant Prism          Conj/Hex       0%         3d6       100%        4
 Leda's Liquefaction      Hex/Erth       0%         N/A       100%        4
 Alistair's Intoxication  Tmut/Pois      0%         N/A       100%        5


Dungeon Overview and Level Annotations

Branches:
Dungeon (12/15)            Temple (1/1) D:5             Orc (0/2) D:9
   Lair: D:8-11

Altars:
Ashenzari
Cheibriados
Dithmenos
Elyvilon
Fedhas
Gozag
Kikubaaqudgha
Nemelex Xobeh
Ru
Trog
Vehumet
Wu Jian
Zin
The Shining One

Annotations:
D:10 exclusion: orange crystal statue, Sonja


Innate Abilities, Weirdness & Mutations

You are too large for most types of armour.
You have claws for hands.
Your natural rate of healing is unusually fast.
You are covered in fur. (AC +1)
You have tough skin. (AC +1)


Message History

The stone arrow hits you!!
You scratch the gargoyle.
The gargoyle is moderately damaged.
You block the gargoyle's attack.
You claw the gargoyle!
The gargoyle is severely damaged.
The gargoyle hurls a stone arrow at you.
The stone arrow hits you!
You scratch the gargoyle.
The gargoyle is almost destroyed.
The gargoyle hits you with a +0 mace!!
You completely miss the gargoyle.
The gargoyle is almost destroyed.
The gargoyle hits you but does no damage.
You scratch the gargoyle but do no damage.
The gargoyle is almost destroyed.
You scratch the gargoyle but do no damage.
The gargoyle is almost destroyed.
The gargoyle hurls a stone arrow at you.
The stone arrow hits you!!
* * * LOW HITPOINT WARNING * * *
Okay, then.
Okay, then.
Aiming: Wall Jump
Press: ? - help, Dir - move target The gargoyle hurls a stone arrow at you.
The stone arrow hits you.
* * * LOW HITPOINT WARNING * * *
Aiming: Corrosive Bolt
Press: ? - help, Q - select action, (/) - cycle Shift-Dir - straight line, f - gargoyle
Aim: a gargoyle, wielding a +0 mace (almost destroyed, 86% to hit)
The bolt of acid hits the gargoyle.
The gargoyle is almost destroyed.
You are confused.
You feel invigorated.
The gargoyle hits you but does no damage.
The gargoyle attacks as you move away! The gargoyle barely misses you.
The gargoyle hurls a stone arrow at you.
The stone arrow hits you!!
You die...

...................#
..........####.....#
.....###### #.....#
.....# #.....# .....#
#.....# .....#
##....>### ....^#
#...9....# .....#
#........#
.....########...@....#
..................####
##....####........#
#....# #........#
#....# #.....>..#
###### #.....####
#######


You could see a gargoyle.

Vanquished Creatures
  Snorg (D:9)
  A green death (Abyss:1)
  A two-headed ogre (D:8)
  A mana viper (Abyss:1)
  A manticore (D:11)
  A worldbinder (Abyss:1)
  Maurice (D:11)
  Maggie (D:6)
  A troll (D:11)
  2 hornets (D:8)
  4 slime creatures (D:11)
  5 starcursed masses (Abyss:1)
  4 shadows
  2 wraiths (D:11)
  9 yaks
  A wyvern (D:9)
  A neqoxec (Abyss:1)
  A vampire mosquito (D:10)
  Eustachio (D:8)
  2 steam dragons
  Duvessa (D:5)
  A large abomination (Abyss:1)
  9 orc warriors
  2 ice beasts (D:6)
  4 ogres
  3 black bears
  A phantom (D:5)
  Blork the orc (D:5)
  2 bullfrogs (D:10)
  4 kobold brigands
  4 scorpions
  A necrophage (D:8)
  8 wights
  Dowan (D:5)
  2 howler monkeys
  7 hounds
  A jelly (D:5)
  Crazy Yiuf (D:5)
  3 orc priests
  3 iguanas
  9 orc wizards
  Robin (D:2)
  A gnoll (D:1)
  6 adders
  A white imp (D:5)
  2 ufetubi
  A worm (D:5)
  2 dart slugs (D:1)
  40 orcs
  6 ball pythons
  8 bats
  7 endoplasms
  2 giant cockroaches
  19 goblins
  11 hobgoblins
  3 quokkas
  A frilled lizard (D:3)
  26 kobolds
  14 rats
260 creatures vanquished.

Vanquished Creatures (others)
  2 small abominations (Abyss:1)
  25 fungi
  A lurking horror (Abyss:1)
  17 plants (D:10)
45 creatures vanquished.

Grand Total: 305 creatures vanquished

Notes
Turn   | Place    | Note
-------+----------+-------------------------------------------
     0 | D:1      | BigDaddyOpFi the Troll Fighter began the quest for the Orb.
     0 | D:1      | Reached XP level 1. HP: 22/22 MP: 0/0
   148 | D:1      | Reached XP level 2. HP: 25/29 MP: 1/1
   220 | D:1      | Reached XP level 3. HP: 22/36 MP: 2/2
   260 | D:1      | Reached skill level 3 in Unarmed Combat
   884 | D:2      | Noticed Robin
   905 | D:2      | Reached XP level 4. HP: 44/44 MP: 3/3
   913 | D:2      | Killed Robin
  1291 | D:2      | Found a faded altar of an unknown god.
  1311 | D:2      | Found a glowing silver altar of Zin.
  1417 | D:3      | Reached XP level 5. HP: 53/53 MP: 4/4
  1455 | D:3      | Reached skill level 4 in Unarmed Combat
  2061 | D:4      | Found a sparkling altar of Nemelex Xobeh.
  2061 | D:4      | Found a shadowy altar of Dithmenos.
  2061 | D:4      | Found a bloodstained altar of Trog.
  2333 | D:4      | Found a glowing silver altar of Zin.
  2348 | D:4      | Reached XP level 6. HP: 58/61 MP: 5/5
  2393 | D:4      | Found a glowing golden altar of the Shining One.
  2518 | D:4      | Reached skill level 5 in Unarmed Combat
  2653 | D:5      | Entered Level 5 of the Dungeon
  2756 | D:5      | Reached XP level 7. HP: 68/68 MP: 6/6
  2787 | D:5      | Found a staircase to the Ecumenical Temple.
  2796 | Temple   | Entered the Ecumenical Temple
  2809 | Temple   | Became a worshipper of the Wu Jian Council
  2838 | D:5      | Found a blossoming altar of Fedhas.
  2873 | D:5      | Noticed Blork the orc
  3377 | D:5      | Reached skill level 6 in Unarmed Combat
  3450 | D:5      | Found a runed translucent door.
  3455 | D:5      | Noticed Crazy Yiuf
  3462 | D:5      | Killed Crazy Yiuf
  3547 | D:5      | Killed Blork the orc
  3604 | D:5      | Found an opulent altar of Gozag.
  3633 | D:5      | Noticed Dowan
  3634 | D:5      | Noticed Duvessa
  3644 | D:5      | Killed Duvessa
  3651 | D:5      | Killed Dowan
  3652 | D:5      | Reached skill level 5 in Shields
  3652 | D:5      | Reached XP level 8. HP: 49/79 MP: 7/7
  3672 | D:5      | Reached skill level 7 in Unarmed Combat
  3886 | D:6      | Noticed Eustachio
  4162 | D:6      | Reached * piety under Wu Jian
  4564 | D:6      | Noticed Maggie
  4574 | D:6      | Killed Maggie
  4575 | D:6      | Reached skill level 5 in Fighting
  4575 | D:6      | Reached skill level 8 in Unarmed Combat
  4848 | D:7      | Reached XP level 9. HP: 88/88 MP: 8/8
  5327 | D:8      | Paralysed by a hornet for 2 turns
  5332 | D:8      | Paralysed by a hornet for 1 turns
  5338 | D:8      | Reached skill level 9 in Unarmed Combat
  5721 | D:8      | Noticed a two-headed ogre
  5732 | D:8      | Killed a two-headed ogre
  5733 | D:8      | Reached skill level 10 in Unarmed Combat
  6395 | D:9      | Reached XP level 10. HP: 100/100 MP: 9/9
  6398 | D:9      | Reached ** piety under Wu Jian
  6470 | D:9      | Found a broken altar of Ashenzari.
  6722 | D:9      | Reached skill level 11 in Unarmed Combat
  6731 | D:10     | Entered Level 10 of the Dungeon
  6733 | D:10     | Noticed Snorg
  7097 | D:8      | Killed Eustachio
  7214 | D:9      | Identified the amulet of Vyfuahif {RegenMP rPois rN+
                  | Stlth+}
  7371 | D:9      | Found a staircase to the Orcish Mines.
  7910 | D:9      | Killed Snorg
  8224 | D:10     | Noticed Sonja
  8245 | D:9      | Reached skill level 12 in Unarmed Combat
  8260 | D:9      | Reached *** piety under Wu Jian
  8549 | Abyss:1  | Cast into level 1 of the Abyss (Sonja)
  8619 | Abyss:1  | Noticed a starcursed mass
  8665 | Abyss:1  | Noticed a daeva
  8668 | Abyss:1  | Noticed a starcursed mass
  8680 | Abyss:1  | Noticed a green death
  8708 | Abyss:1  | Killed a green death
  8709 | Abyss:1  | Reached XP level 11. HP: 80/109 MP: 10/10
  8711 | Abyss:1  | Noticed a mana viper
  8712 | Abyss:1  | Noticed a reaper
  8717 | Abyss:1  | Killed a starcursed mass
  8729 | Abyss:1  | Killed a mana viper
  8736 | Abyss:1  | Killed a starcursed mass
  9034 | Abyss:1  | Noticed a wretched star
  9036 | D:10     | Escaped the Abyss
  9160 | D:10     | Found a snail-covered altar of Cheibriados.
  9325 | D:10     | Noticed an orange crystal statue
  9621 | D:11     | Reached skill level 13 in Unarmed Combat
 10315 | D:11     | Noticed Maurice
 10328 | D:11     | Killed Maurice
 10757 | D:11     | Killed from afar by a gargoyle

Illustrated notes

Levels and vault maps discovered:
D:1:      dpeg_arrival_ratfight, layout_basic, kennysheep_nondescript,
          st_stairs_8
D:2:      layout_basic, basic_altar, hellmonk_ecumenical_altar_zigzags,
          chequers_serial_rivers_small_a, uniq_robin
D:3:      layout_basic, kennysheep_path_1
D:4:      layout_cave_pools, mainiacjoe_overflow_cross_hatched,
          gammafunk_temple_overflow_forgotten, mainiacjoe_overflow_alcove_1,
          minmay_misc_feat_ornament, nicolae_concentric_dashed_squares_mild
D:5:      layout_rooms, mainiacjoe_overflow_catch_the_wave, temple_green,
          uniq_crazy_yiuf_cottage, uniq_blork_the_orc, uniq_duvessa
D:6:      layout_basic, hangedman_decor_clover_reticule, minivault_10,
          minmay_crystal_room, amcnicky_mini_corridor_feature, st_stairs_5,
          kennysheep_generic_room_12, uniq_maggie, uniq_eustachio
D:7:      layout_loops_ring
D:8:      layout_basic, hangedman_abyss_or_decor_clamps
D:9:      layout_basic, ashenzari_conservatory_becter, erik_orc_2
D:10:     layout_cave_pools, cheibriados_altar_1,
          grunt_lair_entry_orc_guard_hut, minmay_statue_bubble, uniq_urug,
          uniq_snorg, uniq_sonja, uniq_lodul
D:11:     layout_irregular_city, uniq_maurice
D:12:     layout_cross, kennysheep_cross_bottleneck, kennysheep_diamond,
          lemuel_zombie_altar_kikubaaqudgha
Temple:   nicolae_temple_god_jail

Skill      XL: |  1  2  3  4  5  6  7  8  9 10 11 |
---------------+----------------------------------+-----
Shields        | 3 4 5 6 7 8 9 |  9.1
Unarmed Combat | 3 4 5 6 8 10 12 13 | 13.4
Fighting       | 3 4 5 6 7 8 |  8.3
Dodging        | |  2.6

Action                   |  1- 3 |  4- 6 |  7- 9 | 10-12 || total
-------------------------+-------+-------+-------+-------++-------
Melee: Unarmed           |   102 |   131 |   220 |   319 ||   772
Invok: Lunge             |       |       |    19 |    20 ||    39
       Whirlwind         |       |       |     2 |    21 ||    23
       Serpent's Lash    |       |       |       |     2 ||     2
 Abil: Wall Jump         |       |       |       |     3 ||     3
Evoke: Wand              |       |       |     4 |     2 ||     6
  Use: Scroll            |       |     3 |     8 |     5 ||    16
       Potion            |       |       |     8 |     9 ||    17
 Stab: Sleeping          |     1 |       |       |     1 ||     2
Armor: Robe              |    35 |    51 |    21 |       ||   107
       Steam dragon scal |       |       |    19 |   112 ||   131
Dodge: Dodged            |    43 |    38 |    54 |    85 ||   220
Block: Kite shield       |    41 |    46 |    61 |   143 ||   291
